 Dungeon Crawl Stone Soup version 0.29.1-15-g9cfb28693d (webtiles) character file.

Game seed: 10371047145280070774

2339 EarthwalkerPL the Protected (level 9, -12/75 (82) HPs)
             Began as a Minotaur Fighter on Apr 20, 2023.
             Mangled by Maggie
             ... wielding a +2 halberd of draining
              (18 damage)
             ... on level 7 of the Dungeon.
             The game lasted 00:08:13 (7811 turns).

EarthwalkerPL the Protected (Minotaur Fighter)      Turns: 7811, Time: 00:08:14

HP:   -12/75 (82)   AC: 10    Str: 24    XL:     9   Next: 19%
MP:   8/8           EV:  8    Int:  5    God:
Gold: 457           SH:  9    Dex: 11    Spells: 8/8 levels left

rFire   . . .      SeeInvis .   a - +0 war axe
rCold   . . .      Faith    .   k - +0 kite shield
rNeg    . . .      Spirit   .   b - +0 scale mail
rPois   .          Reflect  .   (helmet restricted)
rElec   .          Harm     .   E - +0 cloak
rCorr   .          Rampage  .   (no gloves)
Will    .....                   (no boots)
Stlth   ..........              (no amulet)
HPRegen 0.22/turn               I - +4 ring of slaying
MPRegen 0.11/turn               (no ring)

@: mesmerised, studying Armour, drained
A: horns 2, retaliatory headbutt
a: no special abilities


You were on level 7 of the Dungeon.
You visited 2 branches of the dungeon, and saw 8 of its levels.

You collected 457 gold pieces.

Inventory:

Hand Weapons
 a - a +0 war axe (weapon)
Missiles
 i - 11 poisoned darts (quivered)
 s - 7 boomerangs
Armour
 b - a +0 scale mail (worn)
 c - a +0 buckler
 k - a +0 kite shield (worn)
 E - a +0 cloak (worn)
Jewellery
 I - a +4 ring of slaying (left hand)
Wands
 B - a wand of iceblast (10)
 H - a wand of paralysis (15)
Scrolls
 e - 2 scrolls of noise {unknown}
 f - a scroll of blinking {unknown}
 g - 2 scrolls of enchant armour {unknown}
 h - 2 scrolls of teleportation {unknown}
 j - 2 scrolls of poison {unknown}
 n - 4 scrolls of identify {unknown}
 t - a scroll of summoning {unknown}
 u - a scroll of silence {unknown}
 y - 2 scrolls of enchant weapon {unknown}
 z - a scroll of brand weapon {unknown}
 D - 2 scrolls of magic mapping {unknown}
 G - a scroll of immolation {unknown}
Potions
 d - 2 potions of might
 l - 2 potions of mutation {unknown}
 m - a potion of magic {unknown}
 o - 2 potions of invisibility {unknown}
 p - 4 potions of attraction {unknown}
 q - 3 potions of curing {unknown}
 r - 2 potions of degeneration {unknown}
 v - a potion of ambrosia {unknown}
 w - a potion of lignification {unknown}
 x - 2 potions of brilliance {unknown}
 A - a potion of haste {unknown}
 C - a potion of resistance {unknown}
 F - a potion of flight {unknown}


   Skills:
 * Level 8.7 Fighting
 * Level 8.3 Axes
 * Level 10.9 Armour
 + Level 6.6 Shields


You had 8 spell levels left.
You didn't know any spells.
Your spell library contained the following spells:

 Spells                   Type           Power      Damage    Failure   Level
 Necrotise                Necr           0%         1d4       96%         1
 Slow                     Hex            0%         N/A       96%         1
 Poisonous Vapours        Pois/Air       0%         N/A       99%         2
 Wereblood                Tmut           0%         N/A       99%         2
 Confusing Touch          Hex            0%         N/A       100%        3
 Spider Form              Tmut/Pois      0%         N/A       100%        3
 Tukima's Dance           Hex            0%         N/A       100%        3
 Vampiric Draining        Necr           0%         2d6       100%        3
 Corpse Rot               Necr/Pois/Air  0%         N/A       100%        4
 Passage of Golubria      Tloc           0%         N/A       100%        4
 Agony                    Necr           0%         N/A       100%        5
 Yara's Violent Unravell  Hex/Tmut       0%         3d3       100%        5
 Dispersal                Tloc           0%         N/A       100%        6
 Dragon Form              Tmut           0%         N/A       100%        7
 Disjunction              Tloc           0%         N/A       100%        8
 Necromutation            Tmut/Necr      0%         N/A       100%        8


Dungeon Overview and Level Annotations

Branches:
Dungeon (7/15)             Temple (1/1) D:6

Altars:
Ashenzari
Dithmenos
Fedhas
Gozag
Hepliaklqana
Nemelex Xobeh
Qazlal
Sif Muna
Trog
Uskayaw
Wu Jian
Xom
Yredelemnul
Lugonu

Annotations:
D:6 3 runed translucent doors, Henri's ghost, novice OpVM
D:7 Maggie


Innate Abilities, Weirdness & Mutations

You have a pair of horns on your head.
You reflexively headbutt those who attack you in melee.


Message History

Maggie closely misses you. You furiously retaliate!
You headbutt Maggie.
Maggie hits you with a +2 halberd of draining.
You feel drained.
You closely miss Maggie.
Maggie is lightly wounded.
You block Maggie's attack.
You hit Maggie.
Maggie is moderately wounded.
Maggie gestures wildly while chanting.
Maggie draws you further into her thrall.
You hit Maggie but do no damage.
Maggie is moderately wounded.
Maggie looks more healthy.
Maggie hits you with a +2 halberd of draining.
You feel drained.
You closely miss Maggie. Your headbutt misses Maggie.
Maggie is moderately wounded.
Maggie mumbles some strange words.
Maggie draws you further into her thrall.
Maggie gestures wildly while chanting.
Maggie draws you further into her thrall.
You slash Maggie!
Maggie is heavily wounded.
Maggie hits you with a +2 halberd of draining.
You feel drained.
You hit Maggie. You headbutt Maggie!
Maggie is severely wounded.
Maggie hits you with a +2 halberd of draining!
You feel drained.
You closely miss Maggie.
Maggie is severely wounded.
Maggie hits you with a +2 halberd of draining.
You feel drained.
You hit Maggie.
Maggie is severely wounded.
Maggie gestures at you while chanting. The bolt of fire hits you!
* * * LOW HITPOINT WARNING * * *
Maggie hits you with a +2 halberd of draining!!
You die...

#....# #....+
#....#
#####....#
#........#
#(.......#
#..(.....+
#....@@..#+###
##+####......#
#......#
#.<....+
#......#
#......#
#......#
#......#
#......#


You could see Maggie (mesmerising).

Vanquished Creatures
  A troll (D:6)
  A steam dragon (D:6)
  A water moccasin (D:6)
  A sky beast (D:6)
  An ice beast (D:6)
  An ogre (D:6)
  2 black bears
  2 centaurs (D:6)
  2 phantoms
  Blork the orc (D:4)
  A bullfrog (D:6)
  3 necrophages
  A scorpion (D:4)
  A killer bee (D:4)
  A howler monkey (D:4)
  4 jellies
  An orc priest (D:4)
  3 hounds
  5 iguanas
  Natasha (thrice) (D:4)
  2 orc wizards
  Robin (D:3)
  A gnoll (D:1)
  4 adders
  A white imp (D:6)
  An ufetubus (D:5)
  2 worms
  3 dart slugs
  24 orcs
  6 endoplasms
  2 giant cockroaches
  15 goblins
  3 hobgoblins
  3 jackals (D:1)
  6 quokkas
  4 ball pythons
  2 bats (D:1)
  3 frilled lizards
  8 kobolds
  4 rats
  A bush (D:6)
132 creatures vanquished.

Notes
Turn   | Place    | Note
-------+----------+-------------------------------------------
     0 | D:1      | EarthwalkerPL the Minotaur Fighter began the quest for the
                  | Orb.
     0 | D:1      | Reached XP level 1. HP: 19/19 MP: 0/0
   176 | D:1      | Reached XP level 2. HP: 27/27 MP: 1/1
   179 | D:1      | Reached skill level 4 in Armour
   710 | D:1      | Found a faded altar of an unknown god.
   974 | D:2      | Reached XP level 3. HP: 31/33 MP: 2/2
  1411 | D:2      | Found a hazy altar of Hepliaklqana.
  1637 | D:2      | Got the Directory of Forms and Venin
  1884 | D:3      | Noticed Robin
  1888 | D:3      | Killed Robin
  1905 | D:3      | Reached XP level 4. HP: 40/41 MP: 3/3
  3037 | D:4      | Noticed a phantom
  3047 | D:4      | Killed a phantom
  3048 | D:4      | Reached skill level 5 in Fighting
  3048 | D:4      | Reached skill level 5 in Armour
  3048 | D:4      | Reached XP level 5. HP: 36/48 MP: 4/4
  3134 | D:4      | Noticed a black bear
  3150 | D:4      | Killed a black bear
  3151 | D:4      | Reached XP level 6. HP: 48/56 MP: 5/5
  3272 | D:4      | Noticed Natasha
  3277 | D:4      | Killed Natasha
  3306 | D:4      | Reached skill level 5 in Axes
  3375 | D:4      | Noticed Blork the orc
  3382 | D:4      | Killed Blork the orc
  3383 | D:4      | Reached skill level 6 in Armour
  3442 | D:4      | Noticed Natasha
  3451 | D:4      | Killed Natasha
  3467 | D:4      | Reached XP level 7. HP: 35/63 MP: 6/6
  3898 | D:4      | Reached skill level 5 in Shields
  4063 | D:4      | Noticed Natasha
  4070 | D:4      | Killed Natasha
  4105 | D:4      | Reached skill level 7 in Armour
  4177 | D:4      | Found an ornate altar of the Wu Jian Council.
  4508 | D:5      | Entered Level 5 of the Dungeon
  5109 | D:5      | Reached skill level 8 in Armour
  5109 | D:5      | Reached XP level 8. HP: 45/73 MP: 7/7
  5976 | D:6      | Noticed a troll
  6009 | D:6      | Killed a troll
  6010 | D:6      | Reached skill level 9 in Armour
  6321 | D:6      | Found a staircase to the Ecumenical Temple.
  6337 | Temple   | Entered the Ecumenical Temple
  6502 | D:6      | Found a runed translucent gate.
  6502 | D:6      | Found a runed translucent gate.
  6502 | D:6      | Found a runed translucent gate.
  6503 | D:6      | Noticed Henri's ghost (novice OpVM)
  6503 | D:6      | Noticed a kobold demonologist
  6632 | D:6      | Found a sparkling altar of Nemelex Xobeh.
  6632 | D:6      | Found a basalt altar of Yredelemnul.
  6784 | D:6      | Reached skill level 10 in Armour
  7194 | D:6      | Reached XP level 9. HP: 77/82 MP: 8/8
  7797 | D:7      | Noticed Maggie
  7811 | D:7      | Mangled by Maggie

Illustrated notes

Levels and vault maps discovered:
D:1:      dpeg_arrival_rooms_with_view, layout_loops_corners,
          ebering_ecumenical_altar_hall, ebering_dispersal_statue_hall
D:2:      layout_loops_corners, basic_altar
D:3:      layout_basic, uniq_robin
D:4:      layout_gridville, amcnicky_altar_gilded, minmay_manual_moon,
          uniq_blork_the_orc, uniq_natasha
D:5:      layout_basic, minmay_misc_feat_roman, kennysheep_pointless_box
D:6:      layout_loops_corners, jmf_multi_god_temple, minmay_temple_entry_wispy,
          gammafunk_ghost_nasty_kobolds, kb_lookout_dungeons_type,
          grunt_ministairs_15
D:7:      layout_gridville, chequers_temple_overflow_minitemple,
          minmay_misc_feat_x, uniq_maggie, uniq_duvessa, uniq_pikel
Temple:   corrupted_temple

Skill      XL: |  1  2  3  4  5  6  7  8 |
---------------+-------------------------+-----
Armour         | 4 5 6 8 10 | 10.9
Fighting       | 4 5 6 7 8 |  8.7
Axes           | 3 4 5 6 8 |  8.3
Shields        | 4 5 6 |  6.6

Action                   |  1- 3 |  4- 6 |  7- 9 || total
-------------------------+-------+-------+-------++-------
Melee: War axe           |    71 |    96 |   203 ||   370
       Headbutt          |     9 |    12 |    29 ||    50
Throw: Dart              |       |     7 |     9 ||    16
Armor: Scale mail        |    36 |    36 |    91 ||   163
Dodge: Dodged            |    32 |    29 |    70 ||   131
Block: Buckler           |    10 |       |       ||    10
       Kite shield       |    10 |    33 |    96 ||   139
